 Dungeon Crawl Stone Soup version 0.22.1-2-g9c5b331383 (webtiles) character file.

58 Ihlosi the Ducker (level 4, -1/27 HPs)
             Began as a Kobold Gladiator on Dec 8, 2018.
             Slain by a scorpion (5 damage)
             ... on level 2 of the Dungeon.
             The game lasted 00:04:34 (1278 turns).

Ihlosi the Ducker (Kobold Gladiator)                Turns: 1278, Time: 00:04:35

Health: -1/27      AC:  5    Str: 11    XL:     4   Next: 20%
Magic:  4/4        EV: 16    Int:  9    God:
Gold:   40         SH:  0    Dex: 17    Spells: 3/3 levels left

rFire    . . .     SeeInvis .   a - +0 long sword
rCold    . . .     Gourm    .   (shield restricted)
rNeg     . . .     Faith    .   b - +0 leather armour
rPois    .         Spirit   .   c - +0 helmet
rElec    .         Reflect  .   (no cloak)
rCorr    .         Harm     .   (no gloves)
MR       .....                  i - +0 pair of boots
Stlth    ++........             (no amulet)
HPRegen  0.09/turn              (no ring)
MPRegen  0.09/turn              (no ring)

@: no status effects
A: small, carnivore
a: no special abilities


You were on level 2 of the Dungeon.
You were very full.

You visited 1 branch of the dungeon, and saw 2 of its levels.

You collected 40 gold pieces.

Inventory:

Hand Weapons
 a - a +0 long sword (weapon)
Missiles
 d - 2 throwing nets (quivered)
Armour
 b - a +0 leather armour (worn)
 c - a +0 helmet (worn)
 i - a +0 pair of boots (worn)
Scrolls
 g - 2 scrolls of immolation {unknown}
 j - a scroll of random uselessness {unknown}
 l - a scroll of fog {unknown}
Potions
 h - a potion of mutation {unknown}
 k - a potion of flight {unknown}
 m - a potion of cancellation {unknown}
Comestibles
 f - a ration


   Skills:
 * Level 2.9 Fighting
 + Level 3.0 Long Blades
 - Level 2.1 Throwing
 + Level 0.3 Armour
 + Level 4.1 Dodging
 * Level 2.0 Stealth


You had 3 spell levels left.
You didn't know any spells.
Your spell library was empty.

Dungeon Overview and Level Annotations

Branches:
Dungeon (2/15)

Altars:
Okawaru


Innate Abilities, Weirdness & Mutations

You are small and have problems with some larger weapons.
You are carnivorous and can eat meat at any time.


Message History

You see here a goblin corpse.
Throwing (i - inventory)
d - 3 throwing nets (quivered)
Press: ? - help, Shift-Dir - straight line, f - scorpion
Aim: a scorpion You throw a throwing net.
The throwing net hits the scorpion.
The scorpion is caught in the net!
You hit the scorpion.
The scorpion is lightly wounded.
The scorpion struggles against the net. x2
You slash the scorpion!
The scorpion is heavily wounded.
The scorpion struggles against the net.
You hit the scorpion but do no damage.
The scorpion is heavily wounded.
The scorpion struggles against the net.
The net rips apart, and the scorpion comes free!
You barely miss the scorpion.
The scorpion is heavily wounded.
The scorpion stings you.
You die...

#. ### #. ..#
#. #.# #. #.#
## #.# #.#
######.######.#
#.s@..........#
####
#.####.########
#..† #†# #..#
##... ..# #.##
#.... .### #.#
###... .# #.#
##....# .# #.#
##.###.# ## #.#
##.## ##.
#.######.## ##


You could see a scorpion.

Vanquished Creatures
  A gnoll (D:1)
  An adder (D:2)
  3 dart slugs
  2 leopard geckos (D:1)
  5 bats (D:1)
  3 giant cockroaches
  5 goblins
  A hobgoblin (D:1)
  3 kobolds (D:1)
  2 ball pythons
  4 frilled lizards
  3 rats (D:1)
33 creatures vanquished.

Notes
Turn   | Place    | Note
-------+----------+-------------------------------------------
     0 | D:1      | Ihlosi the Kobold Gladiator began the quest for the Orb.
     0 | D:1      | Reached XP level 1. HP: 12/12 MP: 1/1
   172 | D:1      | Reached XP level 2. HP: 17/17 MP: 2/2
   223 | D:1      | Found an iron altar of Okawaru.
   236 | D:1      | Reached skill level 1 in Stealth
   342 | D:1      | Reached skill level 4 in Dodging
   342 | D:1      | Reached XP level 3. HP: 1/22 MP: 3/3
  1257 | D:2      | Reached XP level 4. HP: 27/27 MP: 4/4
  1278 | D:2      | Slain by a scorpion

Skill      XL: |  1  2  3  4 |
---------------+-------------+-----
Stealth        | 1 2 |  2.0
Dodging        | 4 |  4.1
Long Blades    | 3 |  3.0
Fighting       | |  2.9
Throwing       | |  2.1
Armour         | |  0.3

Action                   |  1- 3 |  4- 6 || total
-------------------------+-------+-------++-------
Melee: Long sword        |    57 |    14 ||    71
Throw: Throwing net      |     5 |     1 ||     6
  Use: Potion            |       |     1 ||     1
 Stab: Sleeping          |     2 |       ||     2
       Held in net/web   |     1 |       ||     1
  Eat: Chunk             |     9 |       ||     9
Armor: Leather armour    |    12 |       ||    12
Dodge: Dodged            |    55 |    12 ||    67
       Rpst.: Long sword |    17 |     3 ||    20
